 Dungeon Crawl Stone Soup version 0.29-a0-22-gbf593b16ee (webtiles) character file.

Game seed: 7008497689309219483

14 HallandMoats the Ruffian (level 2, 29/29 HPs)
             Began as a Troll Monk on Jan 30, 2022.
             Was a Follower of Uskayaw.
             Got out of the dungeon alive.
             The game lasted 00:00:52 (113 turns).

HallandMoats the Ruffian (Troll Monk)                Turns: 113, Time: 00:00:53

Health: 29/29      AC:  4    Str: 18    XL:     2   Next: 27%
Magic:  1/1        EV: 10    Int:  6    God:    Uskayaw [*.....]
Gold:   25         SH:  0    Dex: 12    Spells: 1/1 levels left

rFire   . . .      SeeInvis .     - Unarmed
rCold   . . .      Faith    .   (no shield)
rNeg    . . .      Spirit   .   a - +0 robe
rPois   .          Reflect  .   (helmet restricted)
rElec   .          Harm     .   (no cloak)
rCorr   .          Rampage  .   (gloves unavailable)
Will    .....                   (boots unavailable)
Stlth   ++........              (no amulet)
HPRegen 0.89/turn               (no ring)
MPRegen 0.07/turn               (no ring)

@: no status effects
A: large, unfitting armour, claws 3, regeneration 1, shaggy fur 1, tough skin 1
a: Renounce Religion, Stomp


You escaped.
You worshipped Uskayaw.
Uskayaw was noncommittal.
You visited 1 branch of the dungeon, and saw 1 of its levels.

You collected 25 gold pieces.

Inventory:

Armour
 a - a +0 robe (worn)
Potions
 b - a potion of attraction {unknown}


   Skills:
 * Level 2.6 Fighting
 + Level 0.2 Armour
 + Level 2.5 Dodging
 - Level 1.0 Stealth
 * Level 3.2 Unarmed Combat
 + Level 0.3 Invocations


You had one spell level left.
You didn't know any spells.
Your spell library contained the following spells:

 Spells                   Type           Power      Damage    Failure   Level
 Magic Dart               Conj           0%         1d3       45%         1
 Call Imp                 Summ           0%         N/A       58%         2
 Mephitic Cloud           Conj/Pois/Air  0%         N/A       83%         3


Dungeon Overview and Level Annotations

Branches:
Dungeon (1/15)

Altars:
Uskayaw


Innate Abilities, Weirdness & Mutations

You are too large for most types of armour.
You have claws for hands.
Your natural rate of healing is unusually fast.
You are covered in fur. (AC +1)
You have tough skin. (AC +1)


Message History

You add the spells Magic Dart, Call Imp and Mephitic Cloud to your library.
b - a fizzy puce potion
Found a book of Pain.
Found a faded altar of an unknown god.
There is a faded altar of an unknown god here.
You cannot tell which god this altar belongs to.
Convert to them anyway?
Uskayaw accepts your prayer! Uskayaw welcomes you!
You can now stomp with the beat.
You can now pass through a line of other dancers.
(D) Dungeon
Where to? (? - help)
Okay, then.
(D) Dungeon
Where to? (? - help)
What level of the Dungeon? (default 1, ? - help)
You enter the shallow water.
Moving in this stuff is going to be slow.
You see here a hobgoblin corpse.
You see here a +0 ring mail.
You see here a rat corpse.
An endoplasm comes into view.
The helpless endoplasm fails to defend itself.
You claw the endoplasm!
You kill the endoplasm!
No target in view!
No target in view!
No target in view!
No target in view!
No target in view!
No target in view!
No target in view!
No target in view!
No target in view!
No target in view!
No target in view!
(D) Dungeon
Where to? (Enter - D:1 @ (x,y), ? - help)
There is a staircase leading out of the dungeon here.
Are you sure you want to leave the Dungeon?
This will make you lose the game!
You have escaped!

#... #.#.....##..#
#.#.[....#..#
#.#......#..# #.#
#....#..#
#.#.##...#..###### #.#
.....#..##...#
..#####.#####..##.##...#
.......@..........##...#
..#####.#####..#...†....
#.#⌠.....##......#
#.#.##...##.##†..#
#.#.#....##.##...#
#.#......##.......
#.#......##.##...#
#.#.....###.##....
......#.##.#####.


There were no monsters in sight!

Vanquished Creatures
  2 endoplasms (D:1)
  A giant cockroach (D:1)
  5 hobgoblins (D:1)
  A frilled lizard (D:1)
  3 rats (D:1)
12 creatures vanquished.

Notes
Turn   | Place    | Note
-------+----------+-------------------------------------------
     0 | D:1      | HallandMoats the Troll Monk began the quest for the Orb.
     0 | D:1      | Reached XP level 1. HP: 22/22 MP: 0/0
    49 | D:1      | Reached XP level 2. HP: 29/29 MP: 1/1
    67 | D:1      | Found a faded altar of an unknown god.
    75 | D:1      | Prayed at the altar of an unknown god.
    75 | D:1      | Became a worshipper of Uskayaw the Reveller
    75 | D:1      | Reached * piety under Uskayaw
    75 | D:1      | Reached ** piety under Uskayaw
   113 | D:$      | Got out of the dungeon alive.

Illustrated notes

Levels and vault maps discovered:
D:1:      matt_arrival_grand_opening, layout_rooms, serial_shops, shop,
          shapermc_ecumenical_altar_acropolis

Action                   || total
-------------------------++-------
Melee: Unarmed           ||    23
 Stab: Sleeping          ||     1
Armor: Robe              ||     5
Dodge: Dodged            ||    19

Table legend: (Time is in decaauts)
 A = Elapsed time spent in this place.
 B = Non-inter-level travel time spent in this place.
 C = Inter-level travel time spent in this place.
 D = Time resting spent in this place.
 E = Time spent auto-exploring this place.
 F = Levels seen in this place.
 G = Mean time per level.
                   A        B        C        D        E       F      G
               +--------+--------+--------+--------+--------+-----+--------+
         Total |    112 |     84 |     28 |      0 |     24 |   1 |  112.0 |
       Dungeon |    112 |     84 |     28 |      0 |     24 |   1 |  112.0 |
               +--------+--------+--------+--------+--------+-----+--------+

Top non-repeatable levels by time:
     D:1: 112 daAuts
